 Dungeon Crawl Stone Soup version 0.18.1-48-g4cf74bf (webtiles) character file.

291 Jerry the Digger (level 6, -3/49 HPs)
             Began as a Deep Dwarf Earth Elementalist on Aug 11, 2016.
             Slain by an ice beast (6 damage)
             ... on level 5 of the Dungeon.
             The game lasted 00:26:33 (4282 turns).

Jerry the Digger (Deep Dwarf Earth Elementalist)    Turns: 4282, Time: 00:26:33

Health: -3/49      AC:  2    Str: 11    XL:     6   Next: 10%
Magic:  0/10       EV: 12    Int: 18    God:
Gold:   162        SH:  0    Dex: 13    Spells: 2 memorised, 6 levels left

rFire  . . .     SeeInvis .     o - +0 quarterstaff
rCold  . . .     Gourm    .     a - +0 robe
rNeg   . . .     Faith    .     (shield currently unavailable)
rPois  .         Spirit   .     (no helmet)
rElec  .         Dismiss  .     (no cloak)
rCorr  .         Reflect  .     (no gloves)
SustAt .         Harm     .     (no boots)
MR     .....                    (no amulet)
Stlth  ++........               (no ring)
                                (no ring)

@: non-regenerating, not resistant to hostile enchantments, unstealthy
A: damage resistance, recharge devices, sense surroundings 1, slow regeneration
3
a: Device Recharging


You were on level 5 of the Dungeon.
You were hungry.

You visited 1 branch of the dungeon, and saw 5 of its levels.

You collected 162 gold pieces.

Inventory:

Hand Weapons
 e - a +0 dagger
 o - a +0 quarterstaff (weapon)
Missiles
 b - 178 stones (quivered)
Armour
 a - a +0 robe (worn)
Wands
 d - a wand of heal wounds (2/9)
Scrolls
 g - a scroll of identify
 n - a scroll of fear
 p - a scroll of fog {unknown}
 q - a scroll of immolation {unknown}
Potions
 i - a potion of berserk rage {unknown}
 j - a potion of heal wounds {unknown}
 k - 2 potions of brilliance
 l - a potion of invisibility {unknown}
 m - a potion of cancellation {unknown}
 r - a potion of ambrosia {unknown}
 s - a potion of lignification {unknown}
 t - a potion of degeneration {unknown}
Books
 c - a book of Geomancy

   Spells                             Type                      Level
   a - Sandblast                      Earth                        1
   b - Passwall                       Transmutation/Earth          2
   c - Stone Arrow                    Conjuration/Earth            3
   d - Petrify                        Transmutation/Earth          4
   e - Lee's Rapid Deconstruction     Earth                        5
Comestibles
 f - 2 bread rations
 h - a beef jerky


   Skills:
 - Level 2.1 Dodging
 - Level 2.4 Stealth
 + Level 2.9 Spellcasting
 + Level 2.6 Conjurations
   Level 0.8 Transmutations
 + Level 7.0 Earth Magic


You had 6 spell levels left.
You knew the following spells:

 Your Spells              Type           Power        Failure   Level  Hunger
a - Sandblast             Erth           ####..       1%          1    None
b - Stone Arrow           Conj/Erth      ###...       10%         3    ###....


Dungeon Overview and Level Annotations

Branches:
Dungeon (5/15)
 Temple: D:4-7

Altars:
Nemelex Xobeh
Vehumet

Annotations:
D:4 Dowan


Innate Abilities, Weirdness & Mutations

You are resistant to damage.
You can recharge devices by infusing magical energy.
You passively map a small area around you.
You do not regenerate naturally.


Message History

* * * LOW HITPOINT WARNING * * *
You are too injured to fight recklessly!
You are too injured to fight recklessly!
Casting: Sandblast
Confirm with . or Enter, or press ? or * to list all spells.
Aiming: Sandblast
Press: ? - help, Shift-Dir - straight line, f/p - ice beast
Aim: an ice beast (severely wounded)
The blast of sand hits the ice beast.
The ice beast is severely wounded.
The ice beast closely misses you.
Casting: Sandblast
Confirm with . or Enter, or press ? or * to list all spells.
Aiming: Sandblast
Press: ? - help, Shift-Dir - straight line, f/p - ice beast
Aim: an ice beast (severely wounded)
The blast of sand hits the ice beast.
The ice beast is severely wounded.
The ice beast hits you. The ice beast freezes you!
You die...

* ** #########
* #.).....#
#.#####.#
##########.#
#.#
#..(((..)..#
#.#
...#########
#.# ...# #Y#
...# #@# ...#
###.##########
...#
#............#
...#
#)#.######.###
...#
#.#.#....#.#
...#
#.#.#.##.#.#
#.##
#.#.#.##.#.#
.#
#.#.#.##<#.#
.#
#.#.#.####.#


You could see an ice beast.

Vanquished Creatures
  Duvessa (D:4)
  A crimson imp (D:5)
  3 gnolls (D:5)
  4 adders
  2 howler monkey skeletons (D:4)
  An ooze (D:1)
  A worm (D:2)
  3 dart slugs
  3 giant geckos
  An orc (D:3)
  2 ball pythons
  A giant cockroach (D:1)
  5 goblins
  5 hobgoblins
  10 jackals
  5 bats
  3 giant newts
  7 kobolds
  A quokka skeleton (D:4)
  6 rats
65 creatures vanquished.

Notes
Turn   | Place    | Note
--------------------------------------------------------------
     0 | D:1      | Jerry the Deep Dwarf Earth Elementalist began the quest for the Orb.
     0 | D:1      | Reached XP level 1. HP: 15/15 MP: 3/3
    97 | D:1      | Reached XP level 2. HP: 22/22 MP: 1/4
   110 | D:1      | Reached skill level 5 in Earth Magic
   594 | D:1      | Reached XP level 3. HP: 12/28 MP: 0/5
   649 | D:1      | Learned a level 3 spell: Stone Arrow
   875 | D:2      | Found a faded altar to an unknown god.
  1219 | D:2      | Reached skill level 6 in Earth Magic
  1534 | D:2      | Reached skill level 1 in Conjurations
  1915 | D:3      | Reached XP level 4. HP: 22/36 MP: 2/6
  3114 | D:4      | Found a sparkling altar of Nemelex Xobeh.
  3120 | D:4      | Noticed an ogre
  3743 | D:4      | Noticed Duvessa
  3764 | D:4      | Noticed Dowan
  3829 | D:4      | Killed Duvessa
  3829 | D:4      | Reached XP level 5. HP: 19/42 MP: 0/8
  3914 | D:5      | Entered Level 5 of the Dungeon
  4033 | D:5      | Reached skill level 7 in Earth Magic
  4033 | D:5      | Reached XP level 6. HP: 36/49 MP: 6/10
  4226 | D:5      | Found a radiant altar of Vehumet.
  4234 | D:5      | Noticed an ice beast
  4282 | D:5      | Slain by an ice beast

Skill      XL: |  1  2  3  4  5 |
---------------+----------------+-----
Earth Magic    | 5 6 7 |  7.0
Conjurations   | 1 2 |  2.6
Spellcasting   | 2 |  2.9
Dodging        | |  2.1
Stealth        | |  2.4
Transmutations | |  0.8

Action                   |  1- 3 |  4- 6 || total
-------------------------+-------+-------++-------
Melee: Dagger            |    78 |       ||    78
       Quarterstaff      |       |     6 ||     6
Throw: Stone             |    37 |    16 ||    53
 Cast: Sandblast         |    71 |    49 ||   120
       Stone Arrow       |       |    11 ||    11
Evoke: Wand              |     1 |     2 ||     3
  Use: Scroll            |     4 |     2 ||     6
 Stab: Sleeping          |       |     1 ||     1
  Eat: Chunk             |     4 |     8 ||    12
       Beef jerky        |       |     1 ||     1
Armor: Robe              |    21 |     3 ||    24
Dodge: Dodged            |   109 |    16 ||   125
